 Dungeon Crawl Stone Soup version 0.29.1-12-g30fa7ad0bf (webtiles) character file.

Game seed: 3184423476564802140

198 MisterFreud the Covert (level 5, 0/43 HPs)
             Began as a Gnoll Brigand on Dec 27, 2022.
             Slain by an orc wizard
             ... wielding a +0 dagger
              (1 damage)
             ... on level 3 of the Dungeon.
             The game lasted 00:01:55 (2374 turns).

MisterFreud the Covert (Gnoll Brigand)              Turns: 2374, Time: 00:01:55

Health: 0/43       AC:  3    Str: 10    XL:     5   Next: 76%
Magic:  7/7        EV: 13    Int: 12    God:
Gold:   149        SH:  0    Dex: 14    Spells: 7/7 levels left

rFire   . . .      SeeInvis .   m - +2 dagger (venom)
rCold   . . .      Faith    .   (no shield)
rNeg    . . .      Spirit   .   b - +0 robe
rPois   .          Reflect  .   (no helmet)
rElec   .          Harm     .   c - +0 cloak
rCorr   .          Rampage  .   (no gloves)
Will    .....                   (no boots)
Stlth   ++........              (no amulet)
HPRegen 0.14/turn               (no ring)
MPRegen 0.10/turn               (no ring)

@: confused
A: fangs 1, strong nose, distributed training
a: no special abilities


You were on level 3 of the Dungeon.
You visited 1 branch of the dungeon, and saw 3 of its levels.

You collected 149 gold pieces.

Inventory:

Hand Weapons
 a - a +2 dagger
 m - a +2 dagger of venom (weapon)
Missiles
 d - 24 poisoned darts (quivered)
 e - 5 curare-tipped darts
Armour
 b - a +0 robe (worn)
 c - a +0 cloak (worn)
Wands
 l - a wand of quicksilver (10)
Scrolls
 j - a scroll of summoning {unknown}
 k - 2 scrolls of identify {unknown}
 n - a scroll of noise {unknown}
Potions
 f - 2 potions of mutation {unknown}
 g - a potion of haste {unknown}
 h - a potion of magic {unknown}
 i - 2 potions of heal wounds {unknown}
 o - 2 potions of resistance {unknown}
 p - a potion of berserk rage {unknown}


   Skills:
 + Level 4.9 Fighting
 + Level 4.9 Short Blades
 + Level 1.7 Long Blades
 + Level 1.7 Axes
 + Level 1.7 Maces & Flails
 + Level 1.7 Polearms
 + Level 1.7 Staves
 + Level 1.7 Ranged Weapons
 + Level 4.9 Throwing
 + Level 1.7 Armour
 + Level 3.1 Dodging
 + Level 8.0 Stealth
 + Level 1.7 Shields
 + Level 1.7 Unarmed Combat
 + Level 1.7 Spellcasting
 + Level 1.3 Conjurations
 + Level 1.3 Hexes
 + Level 1.3 Summonings
 + Level 1.3 Necromancy
 + Level 1.3 Translocations
 + Level 1.3 Transmutations
 + Level 1.3 Fire Magic
 + Level 1.3 Ice Magic
 + Level 1.3 Air Magic
 + Level 1.3 Earth Magic
 + Level 1.3 Poison Magic
 + Level 1.9 Invocations
 + Level 1.7 Evocations


You had 7 spell levels left.
You didn't know any spells.
Your spell library was empty.

Dungeon Overview and Level Annotations

Branches:
Dungeon (3/15)

Altars:
Elyvilon


Innate Abilities, Weirdness & Mutations

You have very sharp teeth.
Your uncanny sense of smell can sniff out nearby items.
Your experience applies equally to all skills.


Message History

You kill the orc wizard!
You hit the jelly.
Your hands burn!
The jelly is moderately wounded.
You hit the jelly.
The jelly is poisoned.
Your hands burn!
The jelly is heavily wounded.
The jelly barely misses you.
You hit the jelly.
Your hands burn!
The jelly is severely wounded.
The jelly hits you.
You are splashed with acid.
You hit the jelly.
The jelly looks as sick as possible!
Your hands burn!
The jelly is almost dead.
You kill the jelly!
Your Stealth skill increases to level 8!
You miss something. You closely miss something.
You hear some strange, mumbled words.
You are confused.
You are too confused!
You miss something. Something hits you.
You are too confused!
You bump into the rock wall.
You hear some strange, mumbled words.
A magic dart appears from out of thin air!
The magic dart hits you!
You are too injured to fight recklessly!
You bump into the rock wall.
Something barely misses you.
You bump into the rock wall.
You hear some strange, mumbled words.
A magic dart appears from out of thin air!
The magic dart hits you.
* * * LOW HITPOINT WARNING * * *
You are too injured to fight recklessly!
You hit something.
You hear some strange, mumbled words.
A magic dart appears from out of thin air!
The magic dart hits you.
* * * LOW HITPOINT WARNING * * *
You are too injured to fight recklessly!
You're too confused to move!
Something hits you.
You die...

~.## #.~~~~≈≈≈≈≈ ...#
~~.# ##.....###.###.#.##
≈~.###.......##.........
≈~~##.........#..#...$#
≈≈~.+.........'.......#
≈≈~##.........#.......#
≈≈~~##.......###.##....
~≈≈~###.....## #)# #.
~≈≈~# ##...## #@# ~≈≈~#
##'## #{# ~≈≈~# #.#
#)..{J... ~≈≈~# #.#
#######.# ≈≈~~# ##.##
≈≈~## ##...## ≈≈~#
#÷....# ###
≈~~#####...####.##
≈~#...###.####...###


There were no monsters in sight!

Vanquished Creatures
  A jelly (D:3)
  Ijyb (D:3)
  An orc wizard (D:3)
  A gnoll (D:1)
  3 adders (D:2)
  A worm (D:3)
  A dart slug (D:1)
  5 orcs (D:3)
  4 ball pythons
  5 endoplasms
  5 giant cockroaches
  8 hobgoblins
  9 jackals
  3 quokkas (D:2)
  5 bats
  2 frilled lizards (D:1)
  3 goblins
  2 kobolds
  7 rats
67 creatures vanquished.

Notes
Turn   | Place    | Note
-------+----------+-------------------------------------------
     0 | D:1      | MisterFreud the Gnoll Brigand began the quest for the Orb.
     0 | D:1      | Reached XP level 1. HP: 20/20 MP: 1/1
    52 | D:1      | Reached XP level 2. HP: 26/26 MP: 2/2
   314 | D:1      | Reached XP level 3. HP: 30/31 MP: 3/3
   533 | D:1      | Found a faded altar of an unknown god.
   632 | D:1      | Reached skill level 1 in Invocations
   887 | D:2      | Reached skill level 1 in Long Blades
   887 | D:2      | Reached skill level 1 in Axes
   887 | D:2      | Reached skill level 1 in Maces & Flails
   887 | D:2      | Reached skill level 1 in Polearms
   887 | D:2      | Reached skill level 1 in Staves
   887 | D:2      | Reached skill level 1 in Ranged Weapons
   887 | D:2      | Reached skill level 1 in Armour
   887 | D:2      | Reached skill level 1 in Shields
   887 | D:2      | Reached skill level 1 in Unarmed Combat
   887 | D:2      | Reached skill level 1 in Spellcasting
   887 | D:2      | Reached skill level 1 in Evocations
  1087 | D:2      | Reached XP level 4. HP: 38/38 MP: 5/5
  1241 | D:2      | Reached skill level 1 in Conjurations
  1241 | D:2      | Reached skill level 1 in Hexes
  1241 | D:2      | Reached skill level 1 in Summonings
  1241 | D:2      | Reached skill level 1 in Necromancy
  1241 | D:2      | Reached skill level 1 in Translocations
  1241 | D:2      | Reached skill level 1 in Transmutations
  1241 | D:2      | Reached skill level 1 in Fire Magic
  1241 | D:2      | Reached skill level 1 in Ice Magic
  1241 | D:2      | Reached skill level 1 in Air Magic
  1241 | D:2      | Reached skill level 1 in Earth Magic
  1241 | D:2      | Reached skill level 1 in Poison Magic
  1570 | D:3      | Noticed Ijyb
  1573 | D:3      | Killed Ijyb
  1574 | D:3      | Reached XP level 5. HP: 43/43 MP: 5/7
  1736 | D:3      | Found a white marble altar of Elyvilon.
  2367 | D:3      | Reached skill level 8 in Stealth
  2373 | D:3      | HP: 1/43 [something/magic dart (6)]
  2374 | D:3      | Slain by an orc wizard

Illustrated notes

Levels and vault maps discovered:
D:1:      nicolae_arrival_memento_mori, layout_loops_ring,
          ebering_ecumenical_altar_sacrificial, minmay_pentomino_s2
D:2:      layout_basic
D:3:      wander_river, layout_loops_corners, lemuel_zombie_altar_yredelemnul,
          mainiacjoe_overflow_paths, minmay_crystal_water,
          chequers_serial_rivers_micro_a, uniq_ijyb

Skill      XL: |  1  2  3  4  5 |
---------------+----------------+-----
Invocations    | 1 |  1.9
Long Blades    | 1 |  1.7
Axes           | 1 |  1.7
Maces & Flails | 1 |  1.7
Polearms       | 1 |  1.7
Staves         | 1 |  1.7
Ranged Weapons | 1 |  1.7
Armour         | 1 |  1.7
Shields        | 1 |  1.7
Unarmed Combat | 1 |  1.7
Spellcasting   | 1 |  1.7
Evocations     | 1 |  1.7
Conjurations   | 1 |  1.3
Hexes          | 1 |  1.3
Summonings     | 1 |  1.3
Necromancy     | 1 |  1.3
Translocations | 1 |  1.3
Transmutations | 1 |  1.3
Fire Magic     | 1 |  1.3
Ice Magic      | 1 |  1.3
Air Magic      | 1 |  1.3
Earth Magic    | 1 |  1.3
Poison Magic   | 1 |  1.3
Dodging        | 3 |  3.1
Stealth        | 8 |  8.0
Fighting       | |  4.9
Short Blades   | |  4.9
Throwing       | |  4.9

Action                   |  1- 3 |  4- 6 || total
-------------------------+-------+-------++-------
Melee: Dagger            |   112 |    89 ||   201
       Bite              |     8 |     6 ||    14
       Punch             |       |     2 ||     2
 Stab: Sleeping          |    14 |     8 ||    22
Armor: Robe              |    17 |    12 ||    29
Dodge: Dodged            |    54 |    34 ||    88
